[Event "TUR-chT Superleague 2018"]
[Site "Ankara"]
[Date "2018.07.25"]
[Round "1"]
[White "Bolat, Ahmet"]
[Black "Ertan, Can"]
[Result "0-1"]
[ECO "A46"]
[WhiteElo "2124"]
[BlackElo "2379"]
[Annotator "NA"]
[PlyCount "98"]
[EventDate "2018.07.25"]
[EventType "team-tourn"]
[EventCountry "TUR"]
[SourceTitle "playchess.com"]
[Source "ChessBase"]
[SourceQuality "1"]
[TimeControl "40/5400+30:1800+30"]

1. d4 Nf6 2. Nf3 e6 3. Bg5 h6 4. Bh4 b6 5. Nbd2 Bb7 6. e3 d6 7. Bd3 g5 8. Bg3 Nh5 9. e4 Nd7 10. c3 g4 11. Ng1 Nxg3 12. hxg3 Qg5 13. Qa4 a6 14. Ne2 c5 15. O-O-O Be7 16. Nf4 b5 17. Qa5 Bd8 18. Qa3 Bb6 19. Rh5 Qe7 20. e5 dxe5 21. dxe5 c4 22. Qxe7+ Kxe7 23. Be4 Bxe4 24. Nxe4 Bc7 25. Rdh1 Bxe5 26. Rxh6 Rxh6 27. Rxh6 Rh8 28. Rxh8 Bxh8 29. Kd2 Bg7 30. f3 f5 31. Nf2 Bh6 32. Ke2 Nf6 33. Ng6+ Kd6 34. fxg4 fxg4 35. b3 e5 36. bxc4 bxc4 37. Nd1 Ne4 38. Nb2 Nxc3+ 39. Ke1 Kd5 40. Nxc4 Kxc4 41. Nxe5+ Kd5 42. Nxg4 Bg5 43. a4 a5 44. Nh2 Nxa4 45. Nf3 Bf6 46. Kd2 Kc4 47. Kc2 Bc3 48. g4 Nc5 49. g5 Ne6 0-1

[Event "TUR-chT Superleague 2018"]
[Site "Ankara"]
[Date "2018.07.25"]
[Round "1"]
[White "Tarlabasi, Emirhan"]
[Black "Yildirim, Ibrahim Halil"]
[Result "1-0"]
[ECO "D11"]
[WhiteElo "2117"]
[BlackElo "1887"]
[Annotator "NA"]
[PlyCount "43"]
[EventDate "2018.07.25"]
[EventType "team-tourn"]
[EventCountry "TUR"]
[SourceTitle "playchess.com"]
[Source "ChessBase"]
[SourceQuality "1"]
[TimeControl "40/5400+30:1800+30"]

1. d4 d5 2. c4 c6 3. Nd2 Nf6 4. Ngf3 Bg4 5. Ne5 Bf5 6. Qb3 Qb6 7. e3 e6 8. c5 Qc7 9. Qc3 Nbd7 10. Nxd7 Nxd7 11. f3 e5 12. Be2 Be7 13. O-O h5 14. b4 Bf6 15. f4 exd4 16. exd4 O-O-O 17. Nf3 Rde8 18. Ne5 Bh7 19. Bxh5 Nxe5 20. fxe5 Rxe5 21. Bf4 Re4 22. Bg4+ 1-0

[Event "TUR-chT Superleague 2018"]
[Site "Ankara"]
[Date "2018.07.25"]
[Round "1"]
[White "Korkmaz, Necmettin"]
[Black "Soysal, Serkan"]
[Result "1-0"]
[ECO "C41"]
[WhiteElo "2056"]
[BlackElo "2406"]
[Annotator "NA"]
[PlyCount "83"]
[EventDate "2018.07.25"]
[EventType "team-tourn"]
[EventCountry "TUR"]
[SourceTitle "playchess.com"]
[Source "ChessBase"]
[SourceQuality "1"]
[TimeControl "40/5400+30:1800+30"]

1. e4 d6 2. d4 Nf6 3. Nc3 Nbd7 4. Nf3 e5 5. Bc4 Be7 6. O-O O-O 7. Re1 c6 8. a4 h6 9. h3 Re8 10. Be3 Bf8 11. d5 c5 12. a5 a6 13. Nd2 g6 14. Be2 Qe7 15. Nc4 Nh7 16. Qd2 h5 17. Na4 h4 18. b4 cxb4 19. Qxb4 f5 20. exf5 gxf5 21. Bh5 Rd8 22. Nab6 Rb8 23. Rad1 Ndf6 24. Bf3 Qg7 25. Kh1 f4 26. Bc1 Bf5 27. Qb3 Qg6 28. Rd2 Ng5 29. Bb2 Nxf3 30. gxf3 Kh7 31. Bxe5 dxe5 32. Nxe5 Qg7 33. Rg1 Qc7 34. d6 Bxd6 35. Nf7 Rg8 36. Rxd6 Rxg1+ 37. Kxg1 Rg8+ 38. Kh2 Qe7 39. Nd5 Nxd5 40. Qxd5 Bg6 41. Ne5 Qg5 42. Qxg8+ 1-0

[Event "TUR-chT Superleague 2018"]
[Site "Ankara"]
[Date "2018.07.25"]
[Round "1"]
[White "Ozbek, Busra"]
[Black "Can, Isil"]
[Result "1-0"]
[ECO "D04"]
[WhiteElo "1848"]
[BlackElo "1862"]
[Annotator "NA"]
[PlyCount "145"]
[EventDate "2018.07.25"]
[EventType "team-tourn"]
[EventCountry "TUR"]
[SourceTitle "playchess.com"]
[Source "ChessBase"]
[SourceQuality "1"]
[TimeControl "40/5400+30:1800+30"]

1. d4 d5 2. Nf3 Nf6 3. e3 c5 4. b3 cxd4 5. exd4 Nc6 6. Bb2 g6 7. a3 Bg7 8. Bd3 O-O 9. O-O Qc7 10. Nbd2 Nh5 11. Re1 Nf4 12. Bf1 Bg4 13. h3 Be6 14. Ne5 Nxe5 15. dxe5 g5 16. Rc1 Rfd8 17. Bd4 h6 18. Qf3 Qd7 19. Qe3 Ng6 20. a4 b6 21. Bb5 Qb7 22. Bd3 Nf4 23. Bf1 Ng6 24. g3 Rac8 25. Kh2 Qd7 26. Bb5 Qb7 27. Rg1 Bf5 28. c3 Nf8 29. f4 g4 30. Qe2 gxh3 31. Ba6 Qd7 32. Bxc8 Rxc8 33. g4 Bh7 34. Kxh3 Ne6 35. Qe3 f6 36. exf6 exf6 37. Nf3 Re8 38. Qd2 Be4 39. Rcf1 h5 40. Kg3 hxg4 41. Nh4 f5 42. Bxg7 Nxg7 43. Kf2 Nh5 44. Rd1 Qh7 45. Ng2 Nf6 46. Rh1 Qf7 47. Rde1 Bf3 48. Qd4 Rxe1 49. Rxe1 Ne4+ 50. Kg1 Ng3 51. Qe5 Be4 52. Kf2 Qh5 53. Qe6+ Kh7 54. Qe7+ Kg8 55. Qd8+ Kf7 56. Qd7+ Kf8 57. Qd8+ Kf7 58. Qc7+ Kf8 59. Qb8+ Kf7 60. Qxa7+ Kf8 61. Qb8+ Kf7 62. Qc7+ Kf8 63. Qd8+ Kf7 64. Qh4 Qxh4 65. Nxh4 Nh5 66. Ke3 g3 67. Rg1 Kf6 68. Nf3 Ke7 69. Nd2 Nf6 70. Rxg3 Ng4+ 71. Rxg4 fxg4 72. Nxe4 dxe4 73. Kxe4 1-0

[Event "TUR-chT Superleague 2018"]
[Site "Ankara"]
[Date "2018.07.25"]
[Round "1"]
[White "Onur, Cigdem"]
[Black "Balajayeva, Khanim"]
[Result "0-1"]
[ECO "D00"]
[WhiteElo "1750"]
[BlackElo "2332"]
[Annotator "NA"]
[PlyCount "120"]
[EventDate "2018.07.25"]
[EventType "team-tourn"]
[EventCountry "TUR"]
[SourceTitle "playchess.com"]
[Source "ChessBase"]
[SourceQuality "1"]
[TimeControl "40/5400+30:1800+30"]

1. d4 d5 2. Bf4 Nf6 3. e3 c5 4. Nc3 cxd4 5. Nb5 Na6 6. exd4 Bg4 7. Be2 Bxe2 8. Qxe2 e6 9. c3 Be7 10. h3 O-O 11. Nf3 Ne8 12. O-O Nac7 13. Nxc7 Nxc7 14. Ne5 Ne8 15. Bh2 Nd6 16. Rad1 Rc8 17. Rd3 Qa5 18. Ra1 Qb5 19. Qc2 Nc4 20. Nxc4 Qxc4 21. Rdd1 b5 22. a3 a5 23. Qd2 Rc6 24. Rac1 Rfc8 25. Bf4 Qb3 26. Qc2 Qxc2 27. Rxc2 b4 28. axb4 axb4 29. Ra1 h6 30. Bd2 Bf6 31. Rcc1 bxc3 32. bxc3 Bg5 33. f4 Bf6 34. Rcb1 R6c7 35. Kf2 g5 36. g3 Kg7 37. Kf3 Rxc3+ 38. Bxc3 Rxc3+ 39. Kg2 Rc2+ 40. Kh1 gxf4 41. gxf4 Bxd4 42. Rc1 Rf2 43. Rg1+ Kf6 44. Raf1 Rxf1 45. Rxf1 Be3 46. Kg2 Kf5 47. Kg3 d4 48. h4 h5 49. Rf3 f6 50. Rf1 Ke4 51. Re1 d3 52. Rf1 d2 53. Rd1 Bxf4+ 54. Kf2 Kd3 55. Kf3 Be5 56. Kf2 Bd4+ 57. Kf3 e5 58. Rh1 e4+ 59. Kf4 e3 60. Kf3 e2 0-1

[Event "TUR-chT Superleague 2018"]
[Site "Ankara"]
[Date "2018.07.25"]
[Round "1"]
[White "Aydin, Gulenay"]
[Black "Yildiz Kadioglu, Betul Cemre"]
[Result "0-1"]
[ECO "B28"]
[WhiteElo "1732"]
[BlackElo "2323"]
[Annotator "NA"]
[PlyCount "124"]
[EventDate "2018.07.25"]
[EventType "team-tourn"]
[EventCountry "TUR"]
[SourceTitle "playchess.com"]
[Source "ChessBase"]
[SourceQuality "1"]
[TimeControl "40/5400+30:1800+30"]

1. e4 c5 2. Nf3 a6 3. c3 d5 4. exd5 Qxd5 5. d4 Nf6 6. Bd3 Bg4 7. O-O Bxf3 8. Qxf3 Qxf3 9. gxf3 cxd4 10. cxd4 Nc6 11. Be3 e6 12. Rd1 Be7 13. Nc3 O-O 14. Rac1 Rfd8 15. Be4 Nd5 16. Bxd5 exd5 17. Na4 Rd6 18. Kf1 Re8 19. Nc5 Nd8 20. Re1 Rb6 21. b3 Ne6 22. Nxe6 fxe6 23. Bf4 Bb4 24. Re2 Rc6 25. Rxc6 bxc6 26. Rc2 Rc8 27. Ke2 Kf7 28. Be5 g6 29. Rc1 Ke7 30. Bf4 Kd7 31. Be5 Rf8 32. Rc2 Rf5 33. Rc1 Rg5 34. Bf4 Rh5 35. Bg3 Be7 36. Rc2 Rf5 37. Rc3 Bd8 38. Rc2 Bb6 39. Be5 Ba7 40. b4 Bb6 41. a3 Rf8 42. Rc3 Ra8 43. Rb3 Bd8 44. f4 Be7 45. a4 Ra7 46. Kd3 Rb7 47. Kc3 Ke8 48. Rb2 Kf7 49. Rb3 h6 50. Rb2 Bf8 51. Rb3 g5 52. fxg5 hxg5 53. f4 g4 54. Rb2 Kg6 55. Rb1 Kf5 56. Rb2 Rh7 57. Rg2 Rh3+ 58. Kb2 Bxb4 59. Rc2 a5 60. Kb1 Bc3 61. Kc1 Rd3 62. Re2 Bxd4 0-1

[Event "TUR-chT Superleague 2018"]
[Site "Ankara"]
[Date "2018.07.25"]
[Round "1"]
[White "Keskin, Elif"]
[Black "Celik, Eda"]
[Result "0-1"]
[ECO "A61"]
[WhiteElo "1719"]
[BlackElo "1864"]
[Annotator "NA"]
[PlyCount "72"]
[EventDate "2018.07.25"]
[EventType "team-tourn"]
[EventCountry "TUR"]
[SourceTitle "playchess.com"]
[Source "ChessBase"]
[SourceQuality "1"]
[TimeControl "40/5400+30:1800+30"]

1. d4 Nf6 2. c4 c5 3. d5 e6 4. Nc3 exd5 5. cxd5 d6 6. Nf3 g6 7. Bf4 a6 8. a4 Bg7 9. h3 O-O 10. e3 Ne8 11. Be2 Nd7 12. O-O b6 13. Nd2 Ne5 14. Qb3 Rb8 15. Rfd1 Nc7 16. Nce4 b5 17. Bxe5 Bxe5 18. Nc4 Bf5 19. Nxe5 Bxe4 20. Nc6 Qg5 21. f3 Bxd5 22. Rxd5 Nxd5 23. Qxd5 Qxe3+ 24. Kh1 Qxe2 25. Nxb8 Qxb2 26. Re1 Rxb8 27. Qxd6 bxa4 28. Qxc5 a3 29. Qa5 a2 30. Kh2 Qf2 31. Rd1 Qe2 32. Rd8+ Rxd8 33. Qxd8+ Kg7 34. Qd4+ f6 35. f4 Qf1 36. Qd7+ Kh6 0-1

[Event "TUR-chT Superleague 2018"]
[Site "Ankara"]
[Date "2018.07.25"]
[Round "1"]
[White "Ozcan, Kaan"]
[Black "Demircioglu, Emre"]
[Result "1/2-1/2"]
[ECO "E11"]
[WhiteElo "1523"]
[BlackElo "2244"]
[Annotator "NA"]
[PlyCount "139"]
[EventDate "2018.07.25"]
[EventType "team-tourn"]
[EventCountry "TUR"]
[SourceTitle "playchess.com"]
[Source "ChessBase"]
[SourceQuality "1"]
[TimeControl "40/5400+30:1800+30"]

1. c4 Nf6 2. d4 e6 3. Nf3 d5 4. g3 Bb4+ 5. Bd2 Be7 6. Bg2 O-O 7. O-O c6 8. cxd5 exd5 9. Nc3 Na6 10. a3 Re8 11. Qc2 g6 12. Bg5 Bf5 13. Qd2 Nc7 14. e3 Ne6 15. Bxf6 Bxf6 16. Rac1 Ng7 17. Na4 Bc8 18. Nc5 Nf5 19. b4 Nd6 20. Qa2 a5 21. Qc2 Nc4 22. Ra1 b6 23. Nd3 Bf5 24. Qc3 Qd6 25. Nb2 b5 26. Nd2 axb4 27. axb4 Be7 28. Nbxc4 bxc4 29. e4 Be6 30. Rxa8 Rxa8 31. exd5 cxd5 32. b5 Ra3 33. Qc1 Qb6 34. Re1 Bf8 35. Nf3 Qxb5 36. Ng5 Ra6 37. Nxe6 Rxe6 38. Rxe6 fxe6 39. Bh3 Qd7 40. Qe3 Kf7 41. Qf4+ Ke8 42. Qe3 Qe7 43. Kf1 Kf7 44. Ke2 Bg7 45. Qf3+ Bf6 46. Qe3 e5 47. dxe5 Qxe5 48. Qxe5 Bxe5 49. f4 Bd4 50. Bg2 Ke6 51. g4 Kd6 52. h4 Bb2 53. Bf3 Bc1 54. f5 gxf5 55. gxf5 Ke5 56. f6 d4 57. Kd1 Ba3 58. Kc2 Kxf6 59. Be2 Kf5 60. Bxc4 Kg4 61. Kd3 Bb2 62. Ke2 Kxh4 63. Kf1 Kg3 64. Kg1 h5 65. Kh1 Ba3 66. Bd3 h4 67. Bc4 Bd6 68. Bb5 h3 69. Bc4 Kf2 70. Bb5 1/2-1/2

[Event "TUR-chT Superleague 2018"]
[Site "Ankara"]
[Date "2018.07.25"]
[Round "1"]
[White "Onbasi, Irem"]
[Black "Ayan, Bengu Sena"]
[Result "1/2-1/2"]
[ECO "D04"]
[WhiteElo "1427"]
[BlackElo "1787"]
[Annotator "NA"]
[PlyCount "105"]
[EventDate "2018.07.25"]
[EventType "team-tourn"]
[EventCountry "TUR"]
[SourceTitle "playchess.com"]
[Source "ChessBase"]
[SourceQuality "1"]
[TimeControl "40/5400+30:1800+30"]

1. d4 d5 2. Nf3 Nf6 3. e3 a6 4. Bd3 Bg4 5. h3 Bh5 6. O-O e6 7. c4 c6 8. Nc3 Be7 9. Re1 b5 10. b3 O-O 11. e4 dxe4 12. Bxe4 Nxe4 13. Nxe4 Nd7 14. Bb2 Nf6 15. Ng3 Bg6 16. Ne5 Rc8 17. Qf3 Qb6 18. Rac1 Rfe8 19. Bc3 Red8 20. h4 bxc4 21. Nxc4 Qb5 22. Re5 Rd5 23. h5 Nd7 24. Rxd5 cxd5 25. hxg6 hxg6 26. Ne5 Nxe5 27. dxe5 d4 28. Bd2 Rxc1+ 29. Bxc1 d3 30. Qe3 Bc5 31. Qd2 Bb4 32. Qe3 Bc5 33. Qe4 Qb6 34. Qf3 Qd8 35. Bd2 Qd4 36. Ne4 Qa1+ 37. Kh2 Qxe5+ 38. Bf4 Qd5 39. Nxc5 Qxc5 40. Qxd3 Qxf2 41. Bd2 Qh4+ 42. Kg1 Qf6 43. Bc3 Qf4 44. Bb2 Qg5 45. Qc3 Qh6 46. Qc8+ Kh7 47. Bc1 Qh5 48. Qc2 Qe5 49. Qd2 Qc5+ 50. Kh1 Qh5+ 51. Kg1 Qc5+ 52. Kh1 Qh5+ 53. Kg1 1/2-1/2

[Event "TUR-chT Superleague 2018"]
[Site "Ankara"]
[Date "2018.07.26"]
[Round "2"]
[White "Abasov, Nijat"]
[Black "Zhigalko, Sergei"]
[Result "1-0"]
[ECO "B51"]
[WhiteElo "2623"]
[BlackElo "2616"]
[Annotator "ChessBase"]
[PlyCount "110"]
[EventDate "2018.07.25"]
[EventType "team-tourn"]
[EventCountry "TUR"]
[SourceTitle "playchess.com"]
[Source "ChessBase"]
[SourceQuality "1"]
[TimeControl "40/5400+30:1800+30"]

1. e4 c5 2. Nf3 Nc6 3. Bb5 d6 4. O-O Bd7 5. Re1 Nf6 6. c3 a6 7. Bf1 Bg4 8. h3 Bxf3 9. Qxf3 e6 10. Na3 Rc8 11. Nc2 d5 12. exd5 Nxd5 13. Rd1 g6 14. d4 cxd4 15. Nxd4 Nxd4 16. Rxd4 Bg7 17. Rd1 Qe7 18. Qe4 Rc7 19. Bc4 Nf6 20. Qe2 O-O 21. Bf4 e5 22. Be3 Nh5 23. Bb3 Kh8 24. Qd2 Rfc8 25. Bb6 Rc6 26. Bd8 Qf8 27. Qd7 b5 28. Bd5 Nf6 29. Qxf7 Nxd5 30. Qxf8+ Bxf8 31. Rxd5 b4 32. Ba5 e4 33. Rad1 bxc3 34. Bxc3+ Kg8 35. Kf1 Be7 36. Ke2 h5 37. Ke3 Rc4 38. Bd4 Ra4 39. a3 Rc2 40. Rd2 Rc1 41. Kxe4 h4 42. Kf3 Kf7 43. Re2 Rc7 44. Re4 Rac4 45. Be5 Rxe4 46. Kxe4 Rc2 47. Bd4 Bf6 48. Kd3 Rc1 49. Bxf6 Kxf6 50. Ke3 Rb1 51. b4 Re1+ 52. Kf3 Re6 53. Kg4 Re2 54. Rd6+ Ke5 55. Rxg6 Kd5 1-0

[Event "TUR-chT Superleague 2018"]
[Site "Ankara"]
[Date "2018.07.26"]
[Round "2"]
[White "Kevlishvili, Robby"]
[Black "Gulbeyaz, Emir"]
[Result "1-0"]
[ECO "B04"]
[WhiteElo "2502"]
[BlackElo "2074"]
[Annotator "ChessBase"]
[PlyCount "85"]
[EventDate "2018.07.25"]
[EventType "team-tourn"]
[EventCountry "TUR"]
[SourceTitle "playchess.com"]
[Source "ChessBase"]
[SourceQuality "1"]
[TimeControl "40/5400+30:1800+30"]

1. e4 g6 2. d4 Bg7 3. Nf3 d6 4. Bc4 Nf6 5. Qe2 O-O 6. e5 dxe5 7. dxe5 Nd5 8. h3 c6 9. O-O e6 10. Bb3 b5 11. a4 bxa4 12. Rxa4 Nd7 13. Ra1 Qc7 14. Re1 Bb7 15. Na3 N5b6 16. Bf4 c5 17. Nb5 Qb8 18. Nd2 Bc6 19. Nd6 Nc8 20. N2c4 Nxd6 21. Nxd6 a5 22. Rab1 Nb6 23. Qe3 a4 24. Ba2 Ra5 25. Qc3 Qa8 26. Bd2 Ra7 27. f3 Nd7 28. Nc4 Bd5 29. Ra1 Qb8 30. f4 f6 31. Qe3 fxe5 32. fxe5 Rf5 33. Bc3 Qf8 34. Qg3 Qe7 35. Ne3 Rg5 36. Nxd5 exd5 37. Bxd5+ Kh8 38. Qf4 Rf5 39. Qe4 Nxe5 40. Rxa4 Rxa4 41. Qxa4 Qd6 42. Qe8+ Rf8 43. Qxe5 1-0

[Event "TUR-chT Superleague 2018"]
[Site "Ankara"]
[Date "2018.07.26"]
[Round "2"]
[White "Yilmazyerli, Mert"]
[Black "Bolat, Ahmet"]
[Result "1-0"]
[ECO "B30"]
[WhiteElo "2491"]
[BlackElo "2124"]
[Annotator "ChessBase"]
[PlyCount "57"]
[EventDate "2018.07.25"]
[EventType "team-tourn"]
[EventCountry "TUR"]
[SourceTitle "playchess.com"]
[Source "ChessBase"]
[SourceQuality "1"]
[TimeControl "40/5400+30:1800+30"]

1. e4 c5 2. Nf3 Nc6 3. Nc3 Nf6 4. Bb5 Nd4 5. e5 Nxb5 6. Nxb5 Nd5 7. Ng5 f6 8. Qf3 Nc7 9. exf6 exf6 10. Qe4+ Ne6 11. Nxh7 f5 12. Qxf5 Qh4 13. Nxf8 Rxf8 14. Qg6+ Kd8 15. Qg3 Qa4 16. Nc3 Qxc2 17. d3 b6 18. Bg5+ Ke8 19. O-O Qxb2 20. Ne4 Kf7 21. Bd2 Ba6 22. Bc3 Qc2 23. Rad1 d5 24. Nd6+ Kg8 25. Qe5 Nd4 26. Bxd4 cxd4 27. Qxd5+ Kh7 28. Qe4+ Kh8 29. Nf7+ 1-0

[Event "TUR-chT Superleague 2018"]
[Site "Ankara"]
[Date "2018.07.26"]
[Round "2"]
[White "Sadikhov, Ulvi"]
[Black "Kerigan, Demre"]
[Result "1-0"]
[ECO "B07"]
[WhiteElo "2484"]
[BlackElo "2366"]
[Annotator "ChessBase"]
[PlyCount "41"]
[EventDate "2018.07.25"]
[EventType "team-tourn"]
[EventCountry "TUR"]
[SourceTitle "playchess.com"]
[Source "ChessBase"]
[SourceQuality "1"]
[TimeControl "40/5400+30:1800+30"]

1. e4 d6 2. d4 Nf6 3. Nc3 e5 4. dxe5 dxe5 5. Qxd8+ Kxd8 6. Bg5 Be6 7. O-O-O+ Kc8 8. Nf3 Nbd7 9. a3 Ng4 10. Bh4 Bc5 11. Rd2 f6 12. h3 Nh6 13. Be2 Nf7 14. Rhd1 c6 15. g4 h5 16. gxh5 Rxh5 17. Na4 Rxh4 18. Rxd7 Bxf2 19. Re7 Nd8 20. Nxh4 Bxh4 21. Rxe6 1-0

[Event "TUR-chT Superleague 2018"]
[Site "Ankara"]
[Date "2018.07.26"]
[Round "2"]
[White "Soysal, Serkan"]
[Black "Kizilkaya, Mehmet"]
[Result "1-0"]
[ECO "E16"]
[WhiteElo "2406"]
[BlackElo "2205"]
[Annotator "NA"]
[PlyCount "121"]
[EventDate "2018.07.25"]
[EventType "team-tourn"]
[EventCountry "TUR"]
[SourceTitle "playchess.com"]
[Source "ChessBase"]
[SourceQuality "1"]
[TimeControl "40/5400+30:1800+30"]

1. d4 Nf6 2. c4 e6 3. Nf3 Bb4+ 4. Bd2 Qe7 5. Nc3 b6 6. g3 Bb7 7. Bg2 O-O 8. O-O d6 9. Rc1 Nbd7 10. a3 Bxc3 11. Bxc3 Ne4 12. Re1 f5 13. b4 Ndf6 14. Bb2 Qf7 15. d5 e5 16. Rf1 Qh5 17. e3 Bc8 18. Nd2 Nxd2 19. Qxd2 f4 20. exf4 exf4 21. f3 fxg3 22. hxg3 Bh3 23. Rce1 Bxg2 24. Kxg2 Rae8 25. Rxe8 Rxe8 26. Re1 Rxe1 27. Qxe1 Qf5 28. Qe2 h6 29. g4 Qf4 30. Qe6+ Kh7 31. Bxf6 gxf6 32. Qf7+ Kh8 33. Qf8+ Kh7 34. Qf7+ Kh8 35. Qxc7 Qd2+ 36. Kh3 Qf4 37. Qd8+ Kg7 38. Qe7+ Kg8 39. Qe8+ Kg7 40. Qe7+ Kg8 41. Qe4 Qc1 42. Qg6+ Kh8 43. Qxf6+ Kh7 44. Qf5+ Kg7 45. Qd7+ Kg8 46. Qd8+ Kg7 47. Qc7+ Kg8 48. Qb8+ Kg7 49. Qxa7+ Kf6 50. Qxb6 Ke5 51. Qf2 Qxc4 52. Qe3+ Kf6 53. Qxh6+ Kf7 54. Kg3 Qc3 55. Qe6+ Kg7 56. g5 Qc1 57. Kg4 Qg1+ 58. Kf5 Qg3 59. Qf6+ Kh7 60. g6+ Kh6 61. Qh8# 1-0

[Event "TUR-chT Superleague 2018"]
[Site "Ankara"]
[Date "2018.07.26"]
[Round "2"]
[White "Yurtseven, Melih"]
[Black "Korkmaz, Necmettin"]
[Result "0-1"]
[ECO "D11"]
[WhiteElo "2404"]
[BlackElo "2056"]
[Annotator "NA"]
[PlyCount "136"]
[EventDate "2018.07.25"]
[EventType "team-tourn"]
[EventCountry "TUR"]
[SourceTitle "playchess.com"]
[Source "ChessBase"]
[SourceQuality "1"]
[TimeControl "40/5400+30:1800+30"]

1. Nf3 d5 2. d4 Nf6 3. g3 Bf5 4. Bg2 e6 5. O-O Be7 6. c4 c6 7. Nc3 Ne4 8. Re1 Nxc3 9. bxc3 Be4 10. Qb3 Qb6 11. c5 Qxb3 12. axb3 Nd7 13. Ra2 O-O 14. Bf4 Rfe8 15. Rea1 a6 16. g4 h6 17. Bg3 Bf6 18. Nd2 Bxg2 19. Kxg2 e5 20. e3 exd4 21. cxd4 Nf8 22. b4 Rac8 23. Nb3 Bd8 24. Na5 Re7 25. Bd6 Rd7 26. Bxf8 Kxf8 27. Rh1 Bxa5 28. bxa5 Re8 29. Rb2 Ree7 30. Rb3 Ke8 31. Kf3 Kf8 32. Rg1 g5 33. Rgb1 Kg7 34. Ke2 Kg6 35. h3 f5 36. f3 h5 37. Rg1 fxg4 38. hxg4 h4 39. Kf2 Rf7 40. Rgb1 Rde7 41. R1b2 Rh7 42. Kg2 Ref7 43. Rf2 Rf6 44. f4 Re7 45. Rf3 Rff7 46. Rb2 Re4 47. Rbf2 Rfe7 48. Rb2 Rxe3 49. Rxe3 Rxe3 50. f5+ Kf6 51. Kh2 Re4 52. Rxb7 Rxg4 53. Rb6 Rxd4 54. Rxa6 g4 55. Rxc6+ Kxf5 56. a6 Rd2+ 57. Kg1 g3 58. Rh6 Kg4 59. a7 Ra2 60. Rh7 h3 61. Rg7+ Kf4 62. Rf7+ Ke5 63. Re7+ Kf6 64. Re1 Rxa7 65. c6 d4 66. Kh1 d3 67. Rg1 d2 68. Rd1 Ra6 0-1

[Event "TUR-chT Superleague 2018"]
[Site "Ankara"]
[Date "2018.07.26"]
[Round "2"]
[White "Can, Isik"]
[Black "Tarlabasi, Emirhan"]
[Result "1/2-1/2"]
[ECO "C18"]
[WhiteElo "2385"]
[BlackElo "2117"]
[Annotator "NA"]
[PlyCount "122"]
[EventDate "2018.07.25"]
[EventType "team-tourn"]
[EventCountry "TUR"]
[SourceTitle "playchess.com"]
[Source "ChessBase"]
[SourceQuality "1"]
[TimeControl "40/5400+30:1800+30"]

1. e4 e6 2. d4 d5 3. Nc3 Bb4 4. e5 c5 5. a3 Bxc3+ 6. bxc3 Nc6 7. Qg4 g6 8. Nf3 Qa5 9. Bd2 Qa4 10. Be2 Bd7 11. O-O c4 12. Ra2 O-O-O 13. Bg5 Rf8 14. Qh4 h6 15. Rb1 Rh7 16. h3 Rg7 17. Bxh6 Rh7 18. Bxf8 Rxh4 19. Nxh4 Nce7 20. Nf3 Qa5 21. a4 Qd8 22. Bxe7 Qxe7 23. a5 a6 24. g4 Kc7 25. Kg2 Be8 26. Raa1 f5 27. Rh1 g5 28. gxf5 exf5 29. Rag1 Nh6 30. Kf1 Nf7 31. Ke1 Bd7 32. Kd2 g4 33. hxg4 fxg4 34. Ne1 Ng5 35. Bxg4 Ne4+ 36. Ke3 Qa3 37. Bxd7 Qxc3+ 38. Kf4 Qd2+ 39. Kf5 Kxd7 40. f4 Qf2 41. Rg2 Qe3 42. Rh7+ Kc6 43. Rg6+ Kb5 44. Ng2 Qxd4 45. Rxb7+ Kxa5 46. Re7 Qf2 47. Ke6 d4 48. Kf7 Ng3 49. Ra7 Qxg2 50. e6 d3 51. Rg5+ Kb6 52. e7 Qe4 53. e8=Q Qxe8+ 54. Kxe8 dxc2 55. Re7 c1=Q 56. Re6+ Kc7 57. Rg7+ Kb8 58. Rb6+ Kc8 59. Rc6+ Kb8 60. Rb6+ Kc8 61. Rc6+ Kb8 1/2-1/2

[Event "TUR-chT Superleague 2018"]
[Site "Ankara"]
[Date "2018.07.26"]
[Round "2"]
[White "Koksal, Ege"]
[Black "Tukhaev, Adam"]
[Result "0-1"]
[ECO "A49"]
[WhiteElo "2378"]
[BlackElo "2542"]
[Annotator "ChessBase"]
[PlyCount "128"]
[EventDate "2018.07.25"]
[EventType "team-tourn"]
[EventCountry "TUR"]
[SourceTitle "playchess.com"]
[Source "ChessBase"]
[SourceQuality "1"]
[TimeControl "40/5400+30:1800+30"]

1. d4 Nf6 2. Nf3 g6 3. g3 Bg7 4. Bg2 c5 5. c3 Qa5 6. O-O O-O 7. Be3 Ng4 8. Bg5 Re8 9. h3 h6 10. Bf4 Nf6 11. Nbd2 d6 12. Nb3 Qb6 13. dxc5 dxc5 14. Qc1 Kh7 15. Be3 Na6 16. Ne5 Qc7 17. Nc4 Be6 18. Ncd2 Nd5 19. Nf3 Nxe3 20. Qxe3 Rad8 21. Rfd1 b6 22. Rd3 Bf5 23. Rd2 Rxd2 24. Nbxd2 e5 25. Nf1 Be6 26. Qd3 c4 27. Qc2 Nc5 28. Rd1 f5 29. Ne1 e4 30. Qd2 Re7 31. Nc2 Rd7 32. Qc1 Qd8 33. Rxd7 Qxd7 34. Nfe3 Na4 35. Na3 b5 36. Nac2 a5 37. a3 Be5 38. Nd1 Nc5 39. Nde3 Na4 40. Nd1 Nc5 41. Nde3 g5 42. Nf1 f4 43. h4 Bf5 44. hxg5 hxg5 45. Qe1 Nb3 46. Na1 Nc5 47. Nc2 Ne6 48. a4 b4 49. cxb4 Qxa4 50. Na3 c3 51. bxc3 axb4 52. cxb4 Qxa3 53. Qb1 Qb2 54. Qxb2 Bxb2 55. gxf4 gxf4 56. Nd2 Ng5 57. b5 Bd4 58. Nc4 f3 59. exf3 exf3 60. Bh1 Bd3 61. Nd2 Be2 62. Nf1 Be5 63. Ng3 Nh3+ 64. Kh2 Nxf2 0-1

[Event "TUR-chT Superleague 2018"]
[Site "Ankara"]
[Date "2018.07.26"]
[Round "2"]
[White "Apaydin, Fethi"]
[Black "Kitir, Ahmet"]
[Result "1-0"]
[ECO "B23"]
[WhiteElo "2353"]
[BlackElo "2020"]
[Annotator "NA"]
[PlyCount "64"]
[EventDate "2018.07.25"]
[EventType "team-tourn"]
[EventCountry "TUR"]
[SourceTitle "playchess.com"]
[Source "ChessBase"]
[SourceQuality "1"]
[TimeControl "40/5400+30:1800+30"]

1. e4 c5 2. Nc3 e6 3. Nge2 d5 4. exd5 exd5 5. d4 Nc6 6. Be3 c4 7. g3 Nf6 8. Bg2 Be6 9. Nf4 Bg4 10. f3 Bc8 11. Qe2 Bb4 12. Bd2+ Ne7 13. g4 O-O 14. O-O Re8 15. Qf2 Ng6 16. Nfe2 h6 17. h3 Bd7 18. f4 Bc6 19. g5 Bxc3 20. Nxc3 Ne4 21. Nxe4 dxe4 22. f5 Nh4 23. Qxh4 Qxd4+ 24. Rf2 Qxb2 25. Re1 e3 26. Rxe3 c3 27. Rxc3 Rad8 28. gxh6 Rxd2 29. Qg3 Rd1+ 30. Kh2 g6 31. fxg6 f6 32. g7 Qc1 1-0

[Event "TUR-chT Superleague 2018"]
[Site "Ankara"]
[Date "2018.07.26"]
[Round "2"]
[White "Savina, Anastasia"]
[Black "Atalik, Ekaterina"]
[Result "0-1"]
[ECO "D85"]
[WhiteElo "2342"]
[BlackElo "2461"]
[Annotator "ChessBase"]
[PlyCount "48"]
[EventDate "2018.07.25"]
[EventType "team-tourn"]
[EventCountry "TUR"]
[SourceTitle "playchess.com"]
[Source "ChessBase"]
[SourceQuality "1"]
[TimeControl "40/5400+30:1800+30"]

1. d4 Nf6 2. c4 g6 3. Nc3 d5 4. cxd5 Nxd5 5. e4 Nxc3 6. bxc3 Bg7 7. Nf3 c5 8. h3 O-O 9. Be3 Qa5 10. Bd2 Nd7 11. Be2 Qc7 12. O-O b6 13. e5 Bb7 14. Re1 e6 15. Nh2 f6 16. Bc4 Rae8 17. exf6 Nxf6 18. Bxe6+ Kh8 19. c4 Ne4 20. d5 Rxe6 21. dxe6 Rxf2 22. Nf1 Rxg2+ 23. Kxg2 Nxd2+ 24. Kg1 Bd4+ 0-1